 Dungeon Crawl Stone Soup version bcrawl-1.28 (webtiles) character file.

Game seed: 15979863997386326657

123232 MisterOstroum the Stinger (level 4, 0/21 HPs)
             Began as a Spriggan Venom Mage on Dec 2, 2020.
             Shot with a bolt by a big kobold (5 damage)
             ... in a sewer.
             The game lasted 00:08:06 (2653 turns).

MisterOstroum the Stinger (Spriggan Venom Mage)     Turns: 2653, Time: 00:08:06

Health: 0/21       AC:  2    Str:  4    XL:     4   Next: 83%
Magic:  0/10       EV: 18    Int: 17    God:
Gold:   196        SH:  0    Dex: 16    Spells: 0/10 levels left

rFire    . . .     SeeInvis +   a - +2 dagger (elec)
rCold    . . .     Gourm    .   (shield restricted)
rNeg     . . .     Faith    .   d - +0 robe
rPois    .         Spirit   .   (helmet restricted)
rElec    .         Reflect  .   (no cloak)
rCorr    +         Harm     .   (gloves unavailable)
MR       .....                  (boots unavailable)
Stlth    +.........             (no amulet)
HPRegen  0.07/turn              t - ring of resist corrosion
MPRegen  0.12/turn              (no ring)

@: lethally poisoned (0 -> -3), very slightly contaminated, slow
A: very small, unfitting armour, see invisible, herbivore, speed 3, slow
metabolism 2
a: no special abilities


You were in a sewer.
You were not hungry.

You visited 1 branch of the dungeon, and saw 3 of its levels.
You also visited: Sewer.

You collected 196 gold pieces.

Inventory:

Hand Weapons
 a - a +2 dagger of electrocution (weapon)
 b - a +0 short sword
 w - a +0 dagger
Missiles
 g - 713 stones
 i - 58 poisoned tomahawks (quivered)
Armour
 d - a +0 robe (worn)
Jewellery
 t - a ring of resist corrosion (left hand)
 v - the amulet of Temptation {Inacc MR+}
   (You found it on level 3 of the Dungeon)

   [amulet of inaccuracy]

   It reduces the accuracy of all your attacks.
   It affects your resistance to hostile enchantments.
Scrolls
 h - a scroll of fear {!r}
 j - 2 scrolls of teleportation
 l - a scroll of amnesia {unknown}
 q - a scroll of remove curse {@r2}
 s - a scroll of noise {unknown}
 u - a scroll of blinking {unknown}
Potions
 c - a potion of berserk rage
 f - a potion of degeneration
 k - a potion of cancellation {unknown}
 m - 2 potions of mutation
 n - 2 potions of invisibility {unknown}
 o - 2 potions of heal wounds
 p - a potion of haste {@q4 !q}
 r - 2 potions of curing
Comestibles
 e - 2 rations {!d}


   Skills:
 - Level 3.0 Dodging
 - Level 3.2 Stealth
 + Level 3.7 Spellcasting
 + Level 0.0 Transmutations
 + Level 0.0 Fire Magic
 * Level 2.4 Air Magic
 * Level 4.3 Poison Magic


You couldn't memorise any spells.
You knew the following spells:

 Your Spells              Type           Power        Failure   Level  Hunger
a - Sting                 Conj/Pois      ##..         7%          1    None
b - Poisonous Vapours     Pois/Air       ##....       6%          2    None
c - Ignite Poison         Fire/Tmut/Pois #.......     26%         3    ###....
d - Olgreb's Toxic Radia  Pois           ###......    26%         4    #####..

Your spell library contained the following spells:

 Spells                   Type           Power        Failure   Level  Hunger
 Summon Scorpions         Summ/Pois      ##......     54%         4    #####..
 Venom Bolt               Conj/Pois      ##........   88%         5    ######.


Dungeon Overview and Level Annotations

Branches:
Dungeon (3/12)

Altars:
Ru

Annotations:
D:3 Ijyb


Innate Abilities, Weirdness & Mutations

You are very small and have problems with some larger weapons.
You are too small for most types of armour.
You have supernaturally acute eyesight. (SInv)
You are a herbivore.
You cover ground extremely quickly.
You need to consume almost no food.


Message History

You see here a ball python corpse.
You start resting.
HP restored.
Magic restored.
Wield which item (- for none, * to show all)? (? for menu, Esc to quit)
Okay, then.
Adjust to which letter? (? for menu, Esc to quit)
a - a +2 dagger of electrocution (weapon)
w - a +0 dagger This spell is quite dangerous to cast!
Memorise Olgreb's Toxic Radiance, consuming 4 spell levels and leaving 0?
You start memorising the spell.
You continue memorising. x4
You finish memorising.
Spell assigned to 'd'.
Unknown command.
Unknown command.
You open the large door. 4 kobolds and a big kobold come into view.
A kobold is wielding a +0 whip and quivering 42 poisoned needles.
You have encountered a dangerous foe!
The kobold shouts!
The big kobold shouts!
The kobold unwields a +0 whip.
The kobold wields a +0 blowgun.
The kobold shoots a poisoned needle.
The poisoned needle misses you.
The poisoned needle hits the plant!
The plant is poisoned.
The kobold shouts!
Found four items.
Found a gate leading back out of this place.
Casting: Sting (safe; 7% risk of failure)
Confirm with . or Enter, or press ? or * to list all spells.
You miscast Olgreb's Toxic Radiance.
You are very lightly contaminated with residual magic.
Wisps of poison gas drift from your hands.
Casting: Olgreb's Toxic Radiance (quite dangerous; 26% risk of failure)
Confirm with . or Enter, or press ? or * to list all spells.
You miscast Olgreb's Toxic Radiance.
Your vision is briefly tinged with green.
The kobold shoots a poisoned needle.
The poisoned needle hits you!
You are poisoned.
The kobold barely misses you.
You feel sick.
You enter the shallow water.
Moving in this stuff is going to be slow.
You feel sick.
You see here a ball python corpse.
The big kobold hits the plant but does no damage.
The kobold unwields a +0 blowgun.
The kobold wields a +0 whip.
The kobold hits the plant but does no damage.
The kobold barely misses you.
You feel sick.
You feel sick.
Put on which piece of jewellery? (? for menu, Esc to quit)
Okay, then.
Unknown command.
You aren't carrying any items that you can evoke.
Unknown command.
Unknown command.
Okay, then.
Unknown command.
Throwing (i - inventory. (/) - cycle)
i - 59 poisoned tomahawks (quivered)
Press: ? - help, Shift-Dir - straight line, f - big kobold
Aim: a big kobold, wielding a +0 long sword and quivering 69 bolts You throw a poisoned tomahawk.
The poisoned tomahawk hits the kobold.
The kobold is moderately wounded.
You feel sick.
Casting: Olgreb's Toxic Radiance (quite dangerous; 26% risk of failure)
Confirm with . or Enter, or press ? or * to list all spells.
Aiming: Sting (safe; 7% risk of failure)
Press: ? - help, Shift-Dir - straight line, f/p - big kobold
Aim: a big kobold, wielding a +0 long sword and quivering 69 bolts The sting misses the kobold.
The sting misses the big kobold.
Casting: Sting (safe; 7% risk of failure)
Confirm with . or Enter, or press ? or * to list all spells.
Aiming: Poisonous Vapours (safe; 6% risk of failure)
Press: ? - help, Dir - move target cursor, f/p - big kobold
Aim: a big kobold, wielding a +0 long sword and quivering 69 bolts Poisonous vapours appear!
The kobold hits you but does no damage.
You feel sick.
Okay, then.
Put on which piece of jewellery? (? for menu, Esc to quit)
Okay, then.
As you read the scroll labeled YNNYMNEPSA, it crumbles to dust.
You feel as if something is helping you.
It was a scroll of remove curse.
The kobold splashes around in the water.
Put on which piece of jewellery? (? for menu, Esc to quit)
You remove the amulet of Temptation {Inacc MR+}.
You feel sick.
Casting: Poisonous Vapours (safe; 6% risk of failure)
Confirm with . or Enter, or press ? or * to list all spells.
Aiming: Sting (safe; 7% risk of failure)
Press: ? - help, Shift-Dir - straight line, f/p - big kobold
Aim: a big kobold, wielding a +0 long sword and quivering 69 bolts The sting hits the kobold but does no damage.
The kobold is moderately wounded.
The kobold misses you.
You feel sick.
The big kobold unwields a +0 long sword.
The big kobold wields a +0 hand crossbow.
The big kobold shoots a bolt.
The bolt hits you!
* * * LOW HITPOINT WARNING * * *
The big kobold shoots a bolt.
The bolt hits you.
You die...

≈. ≈≈≈
#################≈≈≈
#≈≈≈@≈≈≈≈≈≈≈≈≈≈≈≈≈≈≈
#≈≈≈≈≈≈≈≈≈≈≈≈≈≈≈≈≈≈≈
#≈≈≈≈≈KKK≈≈≈≈≈≈≈≈≈≈≈
###'########≈≈######
#...#..!?#KP†KP≈....
#.∩.#?∩.!'K.≈≈≈≈....
#.∩.#....'K.†.......
#####....#..........
########........


You could see a big kobold and 2 kobolds.

Vanquished Creatures
  Jessica (D:2)
  An adder (D:2)
  An ooze (D:2)
  2 worms
  2 dart slugs
  7 leopard geckos
  5 bats
  4 giant cockroaches
  11 goblins
  6 hobgoblins
  7 jackals
  8 kobolds
  2 ball pythons (Sewer)
  A frilled lizard (D:1)
  5 rats
63 creatures vanquished.

Vanquished Creatures (others)
  4 toadstools (D:1)
4 creatures vanquished.

Grand Total: 67 creatures vanquished

Notes
Turn   | Place    | Note
-------+----------+-------------------------------------------
     0 | D:1      | MisterOstroum the Spriggan Venom Mage began the quest for
                  | the Orb.
     0 | D:1      | Reached XP level 1. HP: 9/9 MP: 5/5
   184 | D:1      | Reached XP level 2. HP: 13/13 MP: 4/7
   332 | D:1      | Learned a level 2 spell: Poisonous Vapours
   766 | D:1      | Reached XP level 3. HP: 16/16 MP: 3/8
   788 | D:1      | Reached skill level 1 in Air Magic
   852 | D:1      | Learned a level 3 spell: Ignite Poison
  1565 | D:2      | Reached skill level 4 in Poison Magic
  1628 | D:2      | Reached XP level 4. HP: 16/21 MP: 0/10
  1881 | D:2      | Noticed Jessica
  1886 | D:2      | Killed Jessica
  2283 | D:3      | Found a sacrificial altar of Ru.
  2326 | D:3      | Noticed Ijyb
  2336 | D:3      | Got a twitching bone amulet
  2337 | D:3      | Identified the cursed amulet of Temptation {Inacc MR+} (You
                  | found it on level 3 of the Dungeon)
  2509 | D:3      | Found a glowing drain.
  2549 | Sewer    | Entered a sewer
  2630 | Sewer    | Learned a level 4 spell: Olgreb's Toxic Radiance
  2630 | Sewer    | Noticed a big kobold
  2653 | Sewer    | Shot with a bolt by a big kobold

Skill      XL: |  1  2  3  4 |
---------------+-------------+-----
Spellcasting   | 3 |  3.7
Air Magic      | 1 2 |  2.4
Poison Magic   | 4 |  4.3
Dodging        | |  3.0
Stealth        | |  3.2

Action                   |  1- 3 |  4- 6 || total
-------------------------+-------+-------++-------
Melee: Unarmed           |     5 |       ||     5
       Short sword       |     4 |     8 ||    12
       Dagger            |     1 |     3 ||     4
Throw: Stone             |     4 |    11 ||    15
       Tomahawk          |       |     1 ||     1
 Cast: Sting             |    78 |    41 ||   119
       Poisonous Vapours |     6 |    12 ||    18
  Use: Scroll            |     2 |     5 ||     7
 Stab: Sleeping          |     2 |       ||     2
  Eat: Ration            |       |     1 ||     1
Armor: Robe              |     7 |       ||     7
Dodge: Dodged            |    39 |    21 ||    60
